Map: Waterfall

Players

Silky

  • Race: Zerg Zerg
  • Spawn Location: 1:00

Kelazhur - Winner!

  • Race: Terran Terran
  • Spawn Location: 7:00

Event: DreamHack SC2 Masters 2022 Atlanta (Offline)

VOD

Have the link to the VOD?

Description

Time

  • Played on: Nov. 18, 2022, 10:09 a.m.
  • Length: 10:09

All games in this series

Show
View Real Time Build Order
Export as new Build Order

Silky Zerg 

Build Orders: Pool First, Lurkers 

Get SALT Encoding   

  12  0:00  Drone  
  13  0:12  Overlord  
  13  0:16  Drone  
  14  0:30  Drone x2  
  14  0:34  Drone  
  17  0:44  Drone, Extractor  
  17  0:50  Spawning Pool  
  17  0:55  Drone  
  17  1:06  Drone  
  18  1:17  Hatchery  
  17  1:21  Drone  
  18  1:27  Drone  
  19  1:37  Queen  
  21  1:41  Zergling x2  
  22  1:47  Metabolic Boost  
  22  1:53  Overlord  
  22  2:12  Drone x2  
  22  2:14  Queen  
  25  2:26  Drone  
  25  2:29  Queen  
  28  2:32  Drone x2  
  30  2:40  Spore Crawler, Drone  
  30  2:43  Drone  
  31  2:48  Drone x3  
  35  2:54  Drone  
  36  3:02  Overlord  
  36  3:11  Overlord  
  36  3:12  Hatchery  
  35  3:20  Queen  
  35  3:21  Drone  
  35  3:22  Drone  
  35  3:24  Drone x2  
  35  3:26  Drone  
  42  3:30  Drone x2  
  44  3:35  Zergling x4  
  44  3:37  Overlord  
  46  3:41  Drone x2  
  48  3:48  Zergling x2  
  48  3:49  Zergling x2  
  48  3:54  Overlord  
  50  3:56  Queen  
  50  4:00  Zergling x6  
  55  4:05  Overlord  
  55  4:07  Drone  
  55  4:09  Lair  
  56  4:12  Baneling Nest  
  56  4:16  Drone  
  56  4:18  Overlord  
  56  4:24  Queen  
  56  4:25  Drone  
  56  4:29  Zergling x4  
  61  4:31  Drone x3  
  61  4:36  Spore Crawler  
  61  4:37  Spore Crawler  
  62  4:39  Spore Crawler  
  62  4:44  Drone x3  
  63  4:46  Drone  
  63  4:51  Zergling x2  
  63  4:52  Zergling x2  
  66  4:55  Drone x3  
  66  4:59  Drone x3  
  72  5:03  Drone, Extractor x2  
  71  5:07  Overlord  
  71  5:08  Overseer  
  71  5:11  Queen  
  71  5:12  Drone  
  71  5:13  Drone  
  75  5:16  Drone x2  
  75  5:19  Drone  
  75  5:20  Drone  
  79  5:23  Drone x3  
  79  5:27  Drone x2  
  79  5:28  Drone  
  84  5:36  Drone  
  84  5:37  Drone x3  
  84  5:38  Centrifugal Hooks  
  84  5:40  Drone  
  89  5:43  Evolution Chamber  
  89  5:46  Evolution Chamber  
  89  5:47  Drone  
  89  5:48  Drone x2  
  90  5:51  Spore Crawler  
  90  5:52  Drone x2  
  90  5:55  Drone  
  90  6:00  Hatchery  
  90  6:03  Drone x2  
  89  6:05  Drone  
  89  6:07  Overlord  
  85  6:14  Drone x4, Extractor  
  85  6:15  Extractor  
  82  6:19  Drone  
  82  6:21  Zerg Ground Armor Level 1, Zerg Melee Weapons Level 1  
  82  6:23  Drone x2  
  80  6:28  Drone  
  79  6:33  Drone  
  79  6:34  Hydralisk Den  
  79  6:37  Zergling x2  
  79  6:39  Zergling x2  
  81  6:43  Zergling x2  
  82  6:47  Zergling x8  
  82  6:49  Baneling x3  
  82  6:50  Baneling x2, Overseer  
  82  6:52  Zergling x2  
  87  6:58  Zergling x4  
  89  7:01  Zergling x2  
  89  7:05  Muscular Augments  
  90  7:09  Zergling x4  
  90  7:15  Overseer  
  92  7:16  Zergling x8  
  92  7:17  Zergling x8  
  92  7:21  Overlord  
  92  7:22  Spore Crawler  
  97  7:29  Overlord  
  97  7:32  Infestation Pit, Overlord, Lurker Den  
  97  7:35  Drone  
  96  7:41  Drone x2  
  96  7:42  Hydralisk x2, Drone x2  
  104  7:45  Baneling x7  
  104  7:46  Baneling x2  
  104  7:47  Overlord  
  103  7:54  Zergling x4  
  103  7:56  Overlord  
  103  7:58  Overlord  
  103  8:00  Drone  
  103  8:01  Extractor  
  103  8:06  Queen  
  103  8:09  Drone x6  
  103  8:10  Zergling x14  
  112  8:16  Zergling x8  
  112  8:19  Drone  
  117  8:25  Hydralisk x2, Hatchery  
  117  8:26  Hydralisk x3  
  118  8:31  Zergling x2  
  112  8:39  Hydralisk x4  
  112  8:41  Overlord  
  114  8:42  Overlord  
  110  8:53  Overlord  
  110  9:01  Lurker x4  
  114  9:03  Overlord  
  114  9:05  Overlord  
  114  9:14  Zergling x16  
  122  9:17  Overlord  
  122  9:21  Hatchery  
  122  9:22  Zergling x2  
  122  9:23  Zergling x10  
  127  9:25  Overlord  
  127  9:31  Drone  
  127  9:32  Drone x3  
  131  9:39  Zergling x2  
  131  9:40  Zergling x14  
  131  9:45  Zergling x4  
  140  9:52  Zergling x2  
Show
View Real Time Build Order
Export as new Build Order

Kelazhur Terran - Winner!

Build Orders: Reaper Expand, Hellion Banshee 

Get SALT Encoding   

  12  0:00  SCV  
  13  0:12  SCV  
  14  0:17  Supply Depot  
  14  0:24  SCV  
  15  0:38  SCV  
  15  0:40  Barracks  
  16  0:43  Refinery  
  16  0:50  SCV  
  17  1:02  SCV  
  18  1:15  SCV  
  19  1:27  Reaper, Orbital Command  
  20  1:39  Command Center  
  20  1:47  Supply Depot  
  20  1:53  SCV  
  21  1:59  Marine  
  22  2:05  SCV  
  23  2:11  Factory  
  23  2:17  SCV  
  23  2:20  Barracks Reactor  
  24  2:24  Refinery  
  24  2:29  SCV  
  25  2:41  SCV  
  26  2:53  SCV  
  26  2:58  Starport  
  27  3:02  Orbital Command  
  27  3:04  Hellion x2  
  30  3:06  SCV, Barracks Tech Lab  
  31  3:18  Supply Depot, SCV  
  32  3:25  Hellion  
  32  3:26  Hellion  
  36  3:29  SCV  
  36  3:30  SCV  
  38  3:41  SCV, Banshee, Cloaking Field  
  41  3:42  SCV  
  41  3:47  Hellion  
  41  3:48  Hellion  
  47  3:53  SCV  
  47  3:54  SCV  
  49  3:57  Supply Depot  
  49  4:05  SCV  
  49  4:06  SCV  
  51  4:11  Barracks Tech Lab  
  51  4:17  SCV  
  51  4:18  SCV  
  51  4:19  Command Center  
  51  4:23  Banshee  
  56  4:27  Supply Depot  
  56  4:29  SCV  
  56  4:30  SCV  
  58  4:31  Stimpack  
  58  4:40  Barracks  
  58  4:43  SCV x2  
  58  4:44  Barracks, Factory Reactor  
  58  4:45  Marine  
  61  4:54  Supply Depot  
  61  4:55  SCV  
  63  5:00  SCV  
  63  5:03  Engineering Bay x2, Marine  
  64  5:07  SCV  
  64  5:12  SCV  
  66  5:14  Refinery  
  66  5:15  Refinery  
  66  5:19  SCV  
  66  5:21  Marine  
  68  5:24  SCV, Starport Reactor  
  69  5:29  Supply Depot  
  69  5:31  SCV  
  69  5:33  Marine x2  
  73  5:37  Orbital Command  
  73  5:40  Siege Tank  
  73  5:41  Barracks  
  75  5:43  SCV, Barracks  
  75  5:46  Marine x2  
  78  5:56  Orbital Command  
  78  5:58  SCV, Marine x2  
  78  6:03  Marine  
  82  6:05  SCV  
  82  6:10  SCV, Terran Infantry Armor Level 1, Terran Infantry Weapons Level 1  
  84  6:16  Medivac x2  
  84  6:17  SCV, Siege Tank  
  82  6:23  SCV, Marine x2  
  82  6:24  SCV  
  84  6:27  Combat Shield  
  84  6:28  Marine  
  84  6:30  SCV  
  84  6:31  Marine  
  87  6:32  Barracks Reactor x2  
  87  6:35  SCV  
  87  6:38  Supply Depot, SCV  
  89  6:40  Armory  
  89  6:41  Marine x2  
  89  6:42  SCV  
  92  6:47  SCV  
  92  6:51  Marine x3  
  96  6:54  SCV  
  96  6:57  Siege Tank  
  96  6:58  SCV  
  96  7:01  Supply Depot, Refinery, Marine x2  
  101  7:03  SCV  
  101  7:08  SCV  
  105  7:09  Marine x3  
  105  7:10  Marine  
  105  7:12  Supply Depot  
  109  7:22  Marine x2  
  109  7:23  SCV x2, Medivac x2  
  117  7:33  SCV, Siege Tank, Marine x4  
  125  7:40  Supply Depot  
  125  7:41  Supply Depot  
  125  7:42  Supply Depot  
  125  7:44  SCV x2, Marine x3  
  130  7:57  Marine x2  
  130  7:58  Marine  
  133  8:02  Medivac x2, Marine x6  
  133  8:05  Supply Depot, Siege Tank  
  143  8:07  Factory  
  143  8:10  Command Center  
  143  8:15  Marine x2  
  143  8:16  Marine  
  146  8:21  Marine  
  146  8:22  Marine x5  
  145  8:29  SCV x2  
  145  8:33  Medivac x2, Marine x2  
  144  8:34  Marine  
  144  8:39  Marine x3  
  144  8:40  Marine x2  
  146  8:43  SCV x3, Marine  
  144  8:51  Siege Tank  
  144  8:53  Factory Tech Lab  
  147  8:55  Refinery  
  147  8:58  Supply Depot  
  147  9:01  Marine x9  
  156  9:05  Sensor Tower  
  156  9:12  Siege Tank  
  156  9:15  SCV x3  
  162  9:19  Marine  
  163  9:24  Siege Tank  
  163  9:27  Marine x2  
  163  9:28  SCV x3  
  171  9:37  Marine  
  172  9:39  Marine x6  
  172  9:40  SCV  
  172  9:41  SCV x2  
  172  9:45  Marine x2  
  169  9:52  SCV  
Tags
 
Add a new tag
Caveats
  • Supply blocks, unpowered buildings, or Contaminate may cause inaccurate times.
  • Supply counts are checked every 10 seconds.